 Dungeon Crawl Stone Soup version 0.31-a0-361-g0f8bd3a31e (webtiles) character file.

Game seed: 13096478793477900852

209 BritishOli the Trooper (level 5, 42/42 HPs)
             Began as a Demonspawn Fighter on July 27, 2023.
             Got out of the dungeon alive.
             The game lasted 00:01:11 (1962 turns).

BritishOli the Trooper (Demonspawn Fighter)         Turns: 1962, Time: 00:01:12

Health: 42/42      AC:  7    Str: 19    XL:     5   Next: 55%
Magic:  5/5        EV: 11    Int:  9    God:
Gold:   103        SH:  4    Dex: 12    Spells: 4/4 levels left

rFire   . . .        a - +0 war axe
rCold   . . .        c - +0 buckler
rNeg    . . .        b - +0 scale mail
rPois   .            (helmet restricted)
rElec   .            (no cloak)
rCorr   .            (no gloves)
SInv    .            (no boots)
Will    .....        (no amulet) Stlth
                     (no ring)
HPRegen 0.27/turn    (no ring)
MPRegen 0.18/turn

%: no passive effects
@: no status effects
A: horns 2, repulsion field 1, magic regeneration
a: no special abilities


You escaped.
You visited 1 branch of the dungeon, and saw 3 of its levels.

You collected 103 gold pieces.

Inventory:

Hand Weapons
 a - a +0 war axe (weapon)
Armour
 b - a +0 scale mail (worn)
 c - a +0 buckler (worn)
Jewellery
 i - a ring of flight
Wands
 k - a wand of flame (14)
Scrolls
 e - 3 scrolls of immolation {unknown}
 g - 2 scrolls of fear {unknown}
 h - 3 scrolls of identify {unknown}
 j - a scroll of brand weapon {unknown}
 l - a scroll of torment {unknown}
 m - a scroll of acquirement {unknown}
 n - a scroll of fog {unknown}
Potions
 d - 2 potions of might
 f - a potion of curing {unknown}


   Skills:
 + Level 4.1 Fighting
 + Level 3.0 Axes
 + Level 3.7 Armour
 + Level 3.6 Shields


You had 4 spell levels left.
You didn't know any spells.
Your spell library contained the following spells:

 Spells                   Type           Power      Damage    Failure   Level
 Call Canine Familiar     Summ           0%         N/A       99%         3
 Portal Projectile        Hex/Tloc       0%         N/A       99%         3
 Leda's Liquefaction      Hex/Erth       0%         N/A       100%        4


Dungeon Overview and Level Annotations

Branches:
Dungeon (3/15)

Altars:


Innate Abilities, Weirdness & Mutations

You have a pair of horns on your head.
You are surrounded by a mild repulsion field. (EV +2)
You regenerate magic rapidly.


Message History

The goblin shouts!
Items here: ))) †.
A goblin is nearby!
A goblin is nearby!
The goblin hits you with a +0 dagger.
You closely miss the goblin. The goblin completely misses you.
You barely miss the goblin. Your headbutt misses the goblin.
The goblin misses you. The goblin hits you with a +0 dagger.
You slash the goblin!
You kill the goblin!
No target in view!
No target in view!
No target in view!
(D) Dungeon
Where to? (Enter - D:3, ? - help)
Items here: ))) †.
You see here a rat corpse.
Things that are here:
a +0 dagger; a goblin corpse; a hobgoblin corpse
There is a stone staircase leading up here.
You climb upwards.
There is a stone staircase leading down here.
(D) Dungeon
Where to? (Enter - D:2, ? - help) HP restored.
There is a stone staircase leading up here.
You climb upwards.
There is a stone staircase leading down here.
(D) Dungeon
Where to? (Enter - D:1, ? - help)
Okay, then.
(D) Dungeon
Where to? (Enter - D:1, ? - help)
Okay, then.
There is an open door here.
You open the door.
There is an open door here.
There is a staircase leading out of the dungeon here.
Are you sure you want to leave the Dungeon?
This will make you lose the game!
You have escaped!

#.##.##.#..........####.#####.#
#.##.##.#.###.###.## #....)..#
#.##....### ####### #########
#.#####.# ##.## #.......#
##...## ######### ##.....##
##.......## ####.........######
#.+.....@.....'...#
#.#####...#######.#
#.....##.##...# #.#
##..#.##.##.#.###.#######
#..#.##.#..............#
#######....##.#....#########.#
#...........#'#...## #.#
#.#####..####..#.## #.#
#.#####...>....#.# #.#


There were no monsters in sight!

Vanquished Creatures
  A scorpion (D:3)
  Jessica (D:3)
  Ijyb (D:3)
  Robin (D:3)
  3 adders (D:2)
  2 worms
  A ball python (D:2)
  An endoplasm (D:2)
  11 goblins
  12 hobgoblins
  4 jackals (D:2)
  A quokka (D:2)
  4 bats
  A frilled lizard (D:2)
  4 kobolds
  3 rats
51 creatures vanquished.

Notes
Turn   | Place    | Note
-------+----------+-------------------------------------------
     0 | D:1      | BritishOli the Demonspawn Fighter began the quest for the
                  | Orb.
     0 | D:1      | Reached XP level 1. HP: 18/18 MP: 1/1
   411 | D:1      | Gained mutation: You are surrounded by a mild repulsion
                  | field. (EV +2) [demonic ancestry]
   411 | D:1      | Reached XP level 2. HP: 16/24 MP: 2/2
  1011 | D:2      | Gained mutation: You have a pair of small horns on your
                  | head. [demonic ancestry]
  1011 | D:2      | Reached XP level 3. HP: 17/29 MP: 3/3
  1531 | D:3      | Noticed Ijyb
  1541 | D:3      | Killed Ijyb
  1542 | D:3      | Gained mutation: You have a pair of horns on your head.
                  | [demonic ancestry]
  1542 | D:3      | Reached XP level 4. HP: 18/37 MP: 4/4
  1743 | D:3      | Noticed Jessica
  1748 | D:3      | Killed Jessica
  1761 | D:3      | Noticed a scorpion
  1770 | D:3      | Killed a scorpion
  1771 | D:3      | Reached skill level 4 in Fighting
  1771 | D:3      | Gained mutation: You regenerate magic rapidly. [demonic
                  | ancestry]
  1771 | D:3      | Reached XP level 5. HP: 25/42 MP: 5/5
  1875 | D:3      | Noticed Robin
  1882 | D:3      | Killed Robin
  1962 | D:$      | Got out of the dungeon alive.

Illustrated notes

Levels and vault maps discovered:
D:1:      mrwooster_arrival_arrow, layout_loops_corners
D:2:      layout_rooms, minmay_misc_feat_x, dk_noncrumbling_2,
          minmay_goblin_kobold_house
D:3:      layout_basic, cheibrodos_gnoll_hut, uniq_terence, uniq_robin,
          uniq_ijyb, uniq_jessica

Skill      XL: |  1  2  3  4  5 |
---------------+----------------+-----
Axes           | 2 3 |  3.0
Armour         | 3 |  3.7
Shields        | 3 |  3.6
Fighting       | 4 |  4.1

Action                     |  1- 3 |  4- 6 || total
---------------------------+-------+-------++-------
  Melee: War axe           |    94 |    48 ||   142
         Headbutt          |     5 |     9 ||    14
 Armour: Scale mail        |    41 |    15 ||    56
  Dodge: Dodged            |    59 |    27 ||    86
  Block: Buckler           |    22 |    10 ||    32

Table legend: (Time is in decaauts)
 A = Elapsed time spent in this place.
 B = Non-inter-level travel time spent in this place.
 C = Inter-level travel time spent in this place.
 D = Time resting spent in this place.
 E = Time spent auto-exploring this place.
 F = Levels seen in this place.
 G = Mean time per level.
                   A        B        C        D        E       F      G
               +--------+--------+--------+--------+--------+-----+--------+
         Total |   2022 |   1950 |     72 |     66 |   1562 |   3 |  674.0 |
       Dungeon |   2022 |   1950 |     72 |     66 |   1562 |   3 |  674.0 |
               +--------+--------+--------+--------+--------+-----+--------+

Top non-repeatable levels by time:
     D:1: 826 daAuts
     D:2: 783 daAuts
     D:3: 413 daAuts
